 Dungeon Crawl Stone Soup version 0.28.0-49-g6dfe1f597d (webtiles) character file.

Game seed: 3308893148170777911

339 Revguard the Skirmisher (level 6, -5/52 HPs)
             Began as a Demonspawn Monk on May 12, 2022.
             Slain by Crazy Yiuf
             ... wielding a +4 quarterstaff of chaos
              (16 damage)
             ... while paralysed by Crazy Yiuf
             ... on level 3 of the Dungeon.
             The game lasted 00:09:41 (3652 turns).

Revguard the Skirmisher (Demonspawn Monk)           Turns: 3652, Time: 00:09:41

Health: -5/52      AC:  6    Str: 11    XL:     6   Next: 29%
Magic:  8/8        EV:  2    Int: 14    God:
Gold:   140        SH:  0    Dex: 15    Spells: 2/7 levels left

rFire   . . .      SeeInvis .   a - +0 short sword (freeze)
rCold   . . .      Faith    .   (no shield)
rNeg    . . .      Spirit   .   f - +0 ring mail
rPois   .          Reflect  .   (helmet restricted)
rElec   .          Harm     .   (no cloak)
rCorr   .          Rampage  .   j - +0 pair of gloves
Will    .....                   (no boots)
Stlth   ++........              (no amulet)
HPRegen 0.97/turn               (no ring)
MPRegen 0.11/turn               (no ring)

@: paralysed
A: antennae 1, sturdy frame 2, regeneration 1, robust 1
a: no special abilities


You were on level 3 of the Dungeon.
You visited 1 branch of the dungeon, and saw 3 of its levels.

You collected 140 gold pieces.

Inventory:

Hand Weapons
 a - a +0 short sword of freezing (weapon)
 h - a +3 short sword
Armour
 f - a +0 ring mail (worn)
 j - a +0 pair of gloves (worn)
Wands
 g - a wand of flame (7)
Scrolls
 b - a scroll of vulnerability {unknown}
 e - a scroll of enchant weapon {unknown}
Potions
 c - a potion of ambrosia {unknown}
 d - a potion of brilliance {unknown}


   Skills:
 + Level 3.7 Fighting
 + Level 3.3 Short Blades
 + Level 1.7 Armour
 + Level 3.4 Dodging
 * Level 3.6 Stealth
 + Level 1.3 Spellcasting
 + Level 1.6 Hexes
 + Level 1.0 Ice Magic


You had 2 spell levels left.
You knew the following spells:

 Your Spells              Type           Power      Damage    Failure   Level
a - Metabolic Englaciati  Hex/Ice        2%         N/A       99%         5

Your spell library contained the following spells:

 Spells                   Type           Power      Damage    Failure   Level
 Beastly Appendage        Tmut           0%         N/A       28%         1
 Wereblood                Tmut           0%         N/A       41%         2
 Spider Form              Tmut/Pois      0%         N/A       65%         3
 Petrify                  Tmut/Erth      0%         N/A       96%         4
 Statue Form              Tmut/Erth      0%         N/A       100%        6


Dungeon Overview and Level Annotations

Branches:
Dungeon (3/15)

Altars:

Shops:
D:2 (

Annotations:
D:3 Crazy Yiuf


Innate Abilities, Weirdness & Mutations

You have a pair of small antennae on your head.
Your movements are less encumbered by armour. (ER -4)
Your natural rate of healing is unusually fast.
You are robust. (+10% HP)


Message History

You hit the worm. You freeze the worm.
You kill the worm!
b - a scroll labelled JAFFOO OTWIA
Found a mace.
Found a runed translucent door.
Crazy Yiuf shouts!
Okay, then.
You open the door.
Aiming: Throw Flame
Press: ? - help, Shift-Dir - straight line, f - Crazy Yiuf
Aim: Crazy Yiuf, wielding a +4 quarterstaff of chaos and wearing a +0 cloak (72% to hit)
The puff of flame hits Crazy Yiuf!
Crazy Yiuf is heavily wounded.
You hit Crazy Yiuf but do no damage.
Crazy Yiuf is heavily wounded.
Crazy Yiuf closely misses you.
You hit Crazy Yiuf. You freeze Crazy Yiuf.
Crazy Yiuf is heavily wounded.
Crazy Yiuf hits you with a +4 quarterstaff of chaos.
Crazy Yiuf burns you.
You closely miss Crazy Yiuf.
Crazy Yiuf is heavily wounded.
Crazy Yiuf hits you with a +4 quarterstaff of chaos!
You are electrocuted!
You hit Crazy Yiuf but do no damage.
Crazy Yiuf is heavily wounded.
Crazy Yiuf hits you with a +4 quarterstaff of chaos.
Crazy Yiuf burns you.
You hit Crazy Yiuf. You freeze Crazy Yiuf.
Crazy Yiuf is severely wounded.
You hit Crazy Yiuf but do no damage.
Crazy Yiuf is severely wounded.
Crazy Yiuf says, "Snurf head testudinal!"
Crazy Yiuf completely misses you.
You barely miss Crazy Yiuf.
Crazy Yiuf is severely wounded.
Crazy Yiuf hits you with a +4 quarterstaff of chaos!
* * * LOW HITPOINT WARNING * * *
You suddenly lose the ability to move!
Crazy Yiuf hits you with a +4 quarterstaff of chaos!
You die...

#.##.# #...#.#
#.##.# #.###.#
#.##.#####.# #.#
#÷##.##..### ###
#.##'##.##
.÷#.....#
###...### ###
♣♣#### .......#
#)..#♣♣ ♣♣P.#.##
##.....#
#...g@♣♣♣♣P.....#
.+.....#
#...#♣..♣..P....#
##.....# ###
♣♣♣.♣...#..######
#.....#
♣♣♣♣♣##...#...#
#.....###
###.#.#.#
#.....).##
#...#.#
########.#
#####.# #.#
####.# #.####
#....#


You could see Crazy Yiuf.

Vanquished Creatures
  Grinder (D:3)
  An orc wizard (D:3)
  5 adders
  A worm (D:3)
  A dart slug (D:3)
  3 orcs (D:3)
  8 ball pythons
  6 bats
  8 endoplasms
  A giant cockroach (D:1)
  9 goblins
  6 hobgoblins
  6 jackals (D:1)
  2 quokkas
  3 frilled lizards
  5 kobolds
  5 rats
71 creatures vanquished.

Notes
Turn   | Place    | Note
-------+----------+-------------------------------------------
     0 | D:1      | Revguard the Demonspawn Monk began the quest for the Orb.
     0 | D:1      | Reached XP level 1. HP: 18/18 MP: 1/1
   170 | D:1      | Gained mutation: Your movements are slightly less
                  | encumbered by armour. (ER -2) [demonic ancestry]
   170 | D:1      | Reached XP level 2. HP: 12/24 MP: 2/2
   924 | D:1      | Gained mutation: You have a pair of small antennae on your
                  | head. [demonic ancestry]
   924 | D:1      | Reached XP level 3. HP: 14/29 MP: 3/3
  1912 | D:2      | Reached skill level 1 in Armour
  1916 | D:2      | HP: 1/29 [frozen (5)]
  2383 | D:2      | Found Voleyb's Antique Weapon Emporium.
  2405 | D:2      | Gained mutation: Your movements are less encumbered by
                  | armour. (ER -4) [demonic ancestry]
  2405 | D:2      | Reached XP level 4. HP: 15/35 MP: 4/4
  2973 | D:2      | Gained mutation: You are robust. (+10% HP) [potion of
                  | mutation]
  2973 | D:2      | Gained mutation: Your natural rate of healing is unusually
                  | fast. [potion of mutation]
  3096 | D:3      | Reached skill level 1 in Hexes
  3192 | D:3      | Found a faded altar of an unknown god.
  3263 | D:3      | Noticed Grinder
  3279 | D:3      | Killed Grinder
  3280 | D:3      | Reached skill level 1 in Spellcasting
  3280 | D:3      | Reached skill level 1 in Ice Magic
  3280 | D:3      | Reached XP level 5. HP: 35/46 MP: 6/6
  3280 | D:3      | Reached XP level 6. HP: 39/52 MP: 7/7
  3288 | D:3      | Learned a level 5 spell: Metabolic Englaciation
  3639 | D:3      | Found a runed translucent door.
  3640 | D:3      | Noticed Crazy Yiuf
  3651 | D:3      | Paralysed by Crazy Yiuf for 4 turns
  3652 | D:3      | Slain by Crazy Yiuf

Illustrated notes

Levels and vault maps discovered:
D:1:      shiori_arrival_maze, layout_loops_ring
D:2:      layout_loops_ring, serial_shops, shop
D:3:      minmay_spotlight, layout_basic, chequers_ecumenical_altar_island,
          kennysheep_generic_room_9, uniq_grinder, uniq_crazy_yiuf_cottage

Skill      XL: |  1  2  3  4 |
---------------+-------------+-----
Stealth        | 2 3 |  3.6
Dodging        | 3 |  3.4
Short Blades   | 3 |  3.3
Armour         | 1 |  1.7
Hexes          | 1 |  1.6
Spellcasting   | 1 |  1.3
Ice Magic      | 1 |  1.0
Fighting       | |  3.7

Action                   |  1- 3 |  4- 6 || total
-------------------------+-------+-------++-------
Melee: Short sword       |   154 |   123 ||   277
       Punch             |       |     3 ||     3
Evoke: Wand              |       |     3 ||     3
  Use: Scroll            |       |     7 ||     7
       Potion            |       |     2 ||     2
 Stab: Sleeping          |     8 |       ||     8
       Invisible         |       |     2 ||     2
Armor: Robe              |    17 |     5 ||    22
       Ring mail         |       |    22 ||    22
Dodge: Dodged            |    72 |    71 ||   143
